AoeStats
← Hecan

Fortress

509733177Analyzed
4v4 RM · 3d ago on Sep 27, 2026· 48m 47s· 8 players
Game mode
Random Map
Map size
Huge
Population
200
Speed
Normal
Resources
Standard
Victory
Conquest
Starting age
Dark Age
Ending age
Imperial Age
RankedLock teamsTeams togetherTeam positionsShared explorationLock speedFull tech treeHidden civsTurbo modeCheats
Victory
Defeat
🇺🇸 Varangians · United States
1400
+20
🇺🇸 Danes · United States
1372
+21
🇺🇸 Franks · United States
1366
+21
🇺🇸 Khmer · United States
1346
+22
🇨🇳 Hindustanis · China
1563
-24
🇲🇽 Maya · Mexico
1486
-21
🇫🇷 Saracens · France
1482
-21
🇨🇦 Persians · Canada
1410
-18
enzoyin68
7:32 Feudal Age
8:23 Double-Bit Axe
11:08 Castle Age
9:28 Horse Collar
12:15 Bow Saw
12:41 Heavy Plow
17:06 Wheelbarrow
20:22 Scale Barding Armor
20:28 Forging
21:03 Bloodlines
20:54 Husbandry
23:13 Chain Barding Armor
22:18 Light Cavalry
24:30 Hand Cart
24:04 Loom
24:40 Gold Mining
24:40 Stone Mining
27:57 Imperial Age
26:30 Iron Casting
27:30 Gold Shaft Mining
27:31 Stone Shaft Mining
27:58 Heavy Camel Rider
29:17 Plate Barding Armor
29:42 Blast Furnace
29:51 Two-Man Saw
29:10 Grand Trunk Road
29:53 Conscription
30:34 Chemistry
30:08 Imperial Camel Rider
32:38 Padded Archer Armor
32:41 Shatagni
36:16 Siege Engineers
36:22 Masonry
36:02 Guard Tower
35:49 Light Cavalry
37:58 Caravan
39:47 Leather Archer Armor
39:56 Hussar
43:37 Crossbowman
44:02 Elite Skirmisher
Seifer
6:23 Feudal Age
6:51 Double-Bit Axe
7:59 Loom
11:38 Castle Age
9:40 Horse Collar
12:32 Bow Saw
12:23 Heavy Plow
14:12 Wheelbarrow
15:10 Town Watch
17:16 Fletching
18:14 Bodkin Arrow
28:01 Gold Mining
31:53 Hand Cart
33:23 Ballistics
32:45 Treadmill Crane
33:20 Fortified Wall
34:11 Padded Archer Armor
37:45 Imperial Age
35:13 Stone Mining
37:22 Leather Archer Armor
38:01 Masonry
37:47 Murder Holes
38:34 Bracer
37:58 Elite Plumed Archer
38:59 Conscription
40:09 Ring Archer Armor
39:56 Thumb Ring
41:13 Chemistry
42:42 Crop Rotation
43:14 Two-Man Saw
42:29 Scale Mail Armor
42:39 Forging
43:27 Architecture
43:34 Hoardings
44:24 Chain Mail Armor
44:45 Iron Casting
44:20 Pikeman
45:10 Squires
44:58 Arson
45:47 Plate Mail Armor
44:49 Halberdier
48:14 Blast Furnace
Hecan
6:55 Feudal Age
10:46 Castle Age
8:57 Double-Bit Axe
9:20 Horse Collar
11:34 Bow Saw
12:16 Wheelbarrow
17:43 Heavy Plow
20:57 Hand Cart
20:29 Loom
20:50 Gold Mining
25:37 Imperial Age
23:16 Scale Barding Armor
24:23 Forging
24:34 Chain Barding Armor
26:18 Conscription
25:30 Elite War Elephant
27:54 Two-Man Saw
27:16 Stone Mining
29:06 Plate Barding Armor
29:07 Iron Casting
36:20 Blast Furnace
37:49 Husbandry
38:00 Bloodlines
37:12 Cavalier
39:06 Caravan
39:06 Savar
Wizo
4:28 Loom
8:00 Feudal Age
9:07 Double-Bit Axe
11:46 Castle Age
10:04 Horse Collar
10:16 Gold Mining
13:20 Bow Saw
13:10 Heavy Plow
14:55 Wheelbarrow
16:20 Loom
18:42 Hand Cart
18:18 Town Watch
21:44 Gold Shaft Mining
21:00 Stone Mining
25:34 Imperial Age
23:47 Padded Archer Armor
24:35 Scale Barding Armor
25:59 Chain Barding Armor
28:03 Plate Barding Armor
27:18 Fletching
28:15 Forging
27:55 Elite Mameluke
30:21 Conscription
31:27 Iron Casting
30:47 Bodkin Arrow
31:58 Bloodlines
31:48 Husbandry
33:17 Blast Furnace
32:15 Bodkin Arrow
34:27 Chemistry
33:49 Ballistics
33:35 Siege Engineers
33:56 Ballistics
34:48 Bracer
35:42 Leather Archer Armor
39:16 Onager
40:46 Siege Onager
42:27 Squires
42:43 Scale Mail Armor
45:38 Pikeman
48:33 Caravan
MØLDAIN
7:07 Feudal Age
9:39 Scale Barding Armor
12:34 Castle Age
11:22 Double-Bit Axe
11:27 Gold Mining
15:41 Chain Barding Armor
16:15 Husbandry
20:19 Bow Saw
20:32 Loom
23:18 Wheelbarrow
27:05 Hand Cart
28:19 Gold Shaft Mining
30:19 Imperial Age
28:26 Forging
30:49 Iron Casting
30:18 Stone Mining
33:30 Cavalier
33:52 Pikeman
34:33 Squires
42:16 Scale Mail Armor
42:55 Plate Barding Armor
44:18 Chain Mail Armor
45:13 Caravan
Ck SANCTUS.ĐSY
7:17 Feudal Age
11:42 Castle Age
9:39 Double-Bit Axe
10:18 Horse Collar
11:00 Gold Mining
11:38 Loom
20:39 Wheelbarrow
23:23 Forging
24:53 Scale Barding Armor
28:14 Imperial Age
27:37 Iron Casting
27:03 Man-at-Arms
27:29 Gambesons
28:05 Chain Barding Armor
28:57 Pikeman
29:37 Squires
29:39 Scale Mail Armor
30:40 Blast Furnace
29:04 Elite Jarl
36:11 Long Swordsman
36:12 Halberdier
36:13 Elite Varangian Guard
37:11 Light Cavalry
38:02 Bloodlines
37:53 Husbandry
42:41 Hand Cart
42:42 Chain Mail Armor
43:03 Plate Barding Armor
LeGoat James 12-13
6:51 Feudal Age
9:54 Castle Age
7:59 Double-Bit Axe
7:55 Horse Collar
10:52 Bow Saw
13:02 Loom
17:06 Wheelbarrow
16:18 Loom
17:53 Gold Mining
18:23 Stone Mining
20:09 Hand Cart
23:23 Imperial Age
22:57 Gold Shaft Mining
22:57 Stone Shaft Mining
23:14 Scale Barding Armor
23:27 Town Watch
24:17 Husbandry
24:28 Bloodlines
24:08 Elite Ballista Elephant
25:09 Chain Barding Armor
25:50 Ballistics
27:10 Conscription
27:55 Chemistry
28:25 Double Crossbow
29:41 Plate Barding Armor
32:07 Siege Engineers
31:56 Fletching
33:20 Caravan
38:32 Heavy Plow
40:45 Hoardings
42:51 Bodkin Arrow
43:08 Masonry
44:52 Light Cavalry
45:36 Hussar
46:40 Forging
48:44 Iron Casting
49:40 Coinage
Ck lambdaviking
7:01 Feudal Age
10:45 Castle Age
8:34 Double-Bit Axe
8:51 Horse Collar
9:41 Scale Mail Armor
11:02 Forging
13:41 Bow Saw
15:01 Chain Mail Armor
16:57 Iron Casting
17:17 Arson
19:31 Heavy Plow
20:51 Wheelbarrow
21:05 Town Watch
23:14 Squires
25:29 Loom
29:09 Imperial Age
26:58 Hand Cart
27:10 Fletching
28:01 Padded Archer Armor
28:24 Bodkin Arrow
29:15 Leather Archer Armor
28:50 Elite Skirmisher
30:40 Plate Mail Armor
31:32 Ballistics
30:53 Hamask
31:02 Hamask
32:28 Bracer
34:03 Conscription
34:07 Pikeman
36:36 Blast Furnace
36:12 Ring Archer Armor
36:46 Chemistry
40:20 Caravan
41:58 Elite Jomsviking
43:56 Siege Engineers
44:06 Halberdier
49:30 Thumb Ring
Connection lost

Rejoining the realm…

Still unreachable

The connection could not be restored.

Session expired

The server has moved on; the page needs a fresh start.